cohdb
Replays
Latest Replays
All Replays
Popular Replays
Top Player Replays
Match Explorer
How It Works
Community
CoH3 Stats
Reddit
Sign in to upload your games and track your stats! →
Sign in with Steam
Match 44730516
Unlisted
Match 44730516
Overview
Messages
Build Orders
End
Panzergrenadier Squad
Selects Battlefield Espionage Battlegroup
Panzergrenadier Squad
Panzergrenadier Squad
Construct Light Support Kompanie
Selects Intel Disruption Beacon
MG34 Team
Combat Half-tracks
Panzerjäger Mechanized Group
2.5-tonne Medical Truck
Fire Support Elements
Selects Plunder
Pak 38 Anti-tank Gun Team
Selects 250/3 Funkpanzerwagen
Selects Anti-Tank Incendiary Munitions
Construct Panzerarmee Kommand
Veteran Squad Leaders
Selects Firestorm
Walking Stuka Rocket Launcher
Firestorm
Selects Operation Skorpion
Armored Reserves
StuG Assault Group
Tungsten Core Ammunition
Walking Stuka Rocket Launcher
Plaka
Begbie
WilllTHENOOBz
DirtyDan
0
0
Comments
sign in to comment!
No comments posted yet!